 Dungeon Crawl Stone Soup version 0.18-a0-1720-g8df8b1a (webtiles) character file.

32 kyriakee the Skirmisher (level 3, -6/34 HPs)
             Began as a Minotaur Fighter on Apr 9, 2016.
             Mangled by Sigmund
             ... wielding a +0 scythe
              (11 damage)
             ... on level 2 of the Dungeon.
             The game lasted 00:01:55 (1090 turns).

kyriakee the Skirmisher (Minotaur Fighter)          Turns: 1090, Time: 00:01:56

Health: -6/34      AC:  7    Str: 26    XL:     3   Next: 10%
Magic:  2/2        EV:  8    Int:  5    God:
Gold:   70         SH:  9    Dex:  9    Spells: 0 memorised, 2 levels left

rFire  . . .     SeeInvis .     a - +0 war axe
rCold  . . .     Gourm    .     b - +0 scale mail
rNeg   . . .     Faith    .     c - +0 shield
rPois  .         Spirit   .     (helmet restricted)
rElec  .         Dismiss  .     (no cloak)
rCorr  .         Reflect  .     (no gloves)
SustAt .         Harm     .     (no boots)
MR     .....                    (no amulet)
Stlth  ..........               (no ring)
                                (no ring)

@: mighty, not resistant to hostile enchantments, extremely unstealthy
A: retaliatory headbutt, horns 2
a: no special abilities


You were on level 2 of the Dungeon.
You were hungry.

You visited 1 branch of the dungeon, and saw 2 of its levels.

You collected 70 gold pieces.

Inventory:

Hand Weapons
 a - a +0 war axe (weapon)
Armour
 b - a +0 scale mail (worn)
 c - a +0 shield (worn)
 r - a +0 plate armour
Scrolls
 h - 2 scrolls of immolation {unknown}
 j - 4 scrolls of identify {unknown}
 k - 2 scrolls of enchant armour {unknown}
 l - a scroll of fear {unknown}
 s - a scroll of magic mapping {unknown}
 t - a scroll of amnesia {unknown}
Potions
 e - a potion of ambrosia {unknown}
 i - a potion of cure mutation {unknown}
 m - a potion of brilliance {unknown}
 n - a potion of curing {unknown}
 o - a potion of cancellation {unknown}
Comestibles
 f - 2 bread rations
 g - a slice of pizza
 q - a beef jerky


   Skills:
 * Level 4.4 Fighting
 * Level 2.8 Axes
 + Level 3.7 Armour
 + Level 0.7 Dodging
 + Level 3.7 Shields
 + Level 0.3 Spellcasting


You had 2 spell levels left.
You didn't know any spells.

Dungeon Overview and Level Annotations

Branches:
Dungeon (2/15)

Altars:

Annotations:
D:2 Sigmund


Innate Abilities, Weirdness & Mutations

You reflexively headbutt those who attack you in melee.
You have a pair of horns on your head.


Message History

Sigmund is moderately wounded.
You block Sigmund's attack. Sigmund hits you with a scythe.
You closely miss Sigmund.
Sigmund is moderately wounded.
Sigmund casts a spell at you. You resist with significant effort.
You barely miss Sigmund. You headbutt Sigmund!
Sigmund is heavily wounded.
Sigmund points at you and mumbles some strange words.
The magic dart hits you! Sigmund hits you with a scythe!
You barely miss Sigmund. Your headbutt misses Sigmund.
Sigmund is heavily wounded.
Sigmund hits you with a scythe.
You closely miss Sigmund.
Sigmund is heavily wounded.
Sigmund gestures at you while chanting. The puff of flame hits you!
* * * LOW HITPOINT WARNING * * *
Sigmund hits you with a scythe!
You die...

....#
#..............##.#.#
.....#
###............##.#.#
.....#
#########.##########.#.#
......# #...... #.#
#.#.# ......# #......
#.# #.#.# #...... #.#
#.#.# #...... #.# #.#.#
#......##.##### #.#.#
#.....@@......# #.#.#
#.............# #.#.#
...###$.......# #.#.# .
#........# #.#.#
####.##### #.#.# #.#
#.#.# .$. #.#.# ..#
#.#.. ######.#..


You could see Sigmund.

Vanquished Creatures
  An ooze (D:1)
  A worm (D:2)
  A dart slug (D:1)
  A giant gecko (D:1)
  2 bats
  A giant cockroach (D:2)
  A goblin (D:1)
  6 hobgoblins
  3 kobolds (D:1)
  2 giant newts (D:1)
  A rat (D:1)
20 creatures vanquished.

Notes
Turn   | Place    | Note
--------------------------------------------------------------
     0 | D:1      | kyriakee the Minotaur Fighter began the quest for the Orb.
     0 | D:1      | Reached XP level 1. HP: 19/19 MP: 0/0
   267 | D:1      | Reached XP level 2. HP: 23/27 MP: 1/1
   530 | D:1      | Reached skill level 4 in Fighting
   924 | D:2      | Reached XP level 3. HP: 33/34 MP: 2/2
  1078 | D:2      | Noticed Sigmund
  1090 | D:2      | Mangled by Sigmund

Vault maps used:
D:1:      minmay_arrival_cross, minivault_19,
          hangedman_abyss_or_decor_lesser_grid
D:2:      ecumenical_altar_1, uniq_sigmund

Skill      XL: |  1  2 |
---------------+-------+-----
Fighting       | 4 |  4.4
Axes           | |  2.8
Armour         | |  3.7
Dodging        | |  0.7
Shields        | |  3.7
Spellcasting   | |  0.3

Action                   || total
-------------------------++-------
Melee: War axe           ||    41
  Use: Potion            ||     1
